 Dungeon Crawl Stone Soup version 0.26.0-20-g3ca415f5b8 (webtiles) character file.

Game seed: 6978994080026314814

2338 DearestLeader the Geomancer (level 9, -16/48 HPs)
             Began as a Gargoyle Earth Elementalist on Jan 22, 2021.
             Was a Believer of Vehumet.
             Demolished by a two-headed ogre
             ... wielding a cursed +0 giant club
              (18 damage)
             ... on level 7 of the Dungeon on Jan 25, 2021.
             The game lasted 00:17:58 (7931 turns).

DearestLeader the Geomancer (GrEE)                  Turns: 7931, Time: 00:17:58

Health: -16/48     AC: 12    Str: 18    XL:     9   Next: 43%
Magic:  21/26      EV: 12    Int: 19    God:    Vehumet [**....]
Gold:   423        SH:  0    Dex: 10    Spells: 3/18 levels left

rFire    . . .     SeeInvis .   g - +2 dagger (venom)
rCold    + . .     Faith    .   (no shield)
rNeg     + . .     Spirit   .   o - +1 robe {rC+}
rPois    ∞         Reflect  .   (no helmet)
rElec    +         Harm     .   (no cloak)
rCorr    .         Rampage  .   A - +1 pair of gloves
Will     .....                  f - +0 pair of boots
Stlth    ++........             y - amulet of inaccuracy (curse)
HPRegen  0.16/turn              e - ring of magical power
MPRegen  0.20/turn              w - +6 ring of strength

@: no status effects
A: negative energy resistance 1, electricity resistance, unbreathing,
petrification resistance, miasma immunity, AC +6
a: Renounce Religion


You were on level 7 of the Dungeon.
You worshipped Vehumet.
Vehumet was pleased with you.
You visited 2 branches of the dungeon, and saw 8 of its levels.
You also visited: Sewer.

You collected 423 gold pieces.

Inventory:

Hand Weapons
 g - a +2 dagger of venom (weapon)
 B - a +2 war axe of venom
 C - the +8 war axe "Kaeconup" {drain, Str-3 Int+9, unknown}
   (You found it on level 6 of the Dungeon)

   A truly terrible weapon, it drains the life of those it strikes.
   It affects your strength (-3).
   It affects your intelligence (+9).
Missiles
 b - 97 stones
Armour
 c - a +0 robe
 f - a +0 pair of boots (worn)
 o - a +1 robe of cold resistance (worn)
 x - a +0 buckler
 A - a +1 pair of gloves (worn)
Jewellery
 e - a ring of magical power (left hand)
 i - an uncursed amulet of guardian spirit
 t - an uncursed amulet of magic regeneration {unknown}
 v - an uncursed ring of poison resistance
 w - a +6 ring of strength (right hand)
 y - a cursed amulet of inaccuracy (around neck)
Wands
 m - a wand of iceblast (5)
Scrolls
 k - 2 scrolls of amnesia
 p - a scroll of random uselessness
 r - 3 scrolls of enchant weapon
 s - a scroll of enchant armour
Potions
 a - a potion of might
 d - a potion of mutation {unknown}
 h - a potion of berserk rage {unknown}
 j - a potion of brilliance {unknown}
 l - 3 potions of heal wounds
 n - 4 potions of lignification {unknown}
 q - a potion of haste {unknown}
 u - 2 potions of invisibility {unknown}
 z - 9 potions of flight {unknown}
 D - a potion of curing {unknown}


   Skills:
 + Level 2.0 Fighting
 - Level 2.3 Dodging
 - Level 2.1 Stealth
 + Level 5.4 Spellcasting
 - Level 1.0 Transmutations
 * Level 12.7 Earth Magic


You had 3 spell levels left.
You knew the following spells:

 Your Spells              Type           Power        Failure   Level
a - Sandblast             Erth           100%         1%          1
b - Passwall              Tmut/Erth      25%          1%          2
c - Stone Arrow           Conj/Erth      58%          2%          3
d - Lee's Rapid Deconstr  Erth           26%          1%          5
e - Petrify               Tmut/Erth      31%          7%          4

Your spell library contained the following spells:

 Spells                   Type           Power        Failure   Level
 Foxfire                  Conj/Fire      20%          12%         1


Dungeon Overview and Level Annotations

Branches:
Dungeon (7/15)             Temple (1/1) D:6           Sewer (visited)

Altars:
Ashenzari
Cheibriados
Dithmenos
Elyvilon
Fedhas
Kikubaaqudgha
Makhleb
Nemelex Xobeh
Okawaru
Qazlal
Ru
Trog
Vehumet
Xom
Zin
The Shining One

Shops:
D:5 }


Innate Abilities, Weirdness & Mutations

You are resistant to torment.
Your stone body is resilient. (AC +6)
You are immune to poison.
You resist negative energy. (rN+)
You are resistant to electric shocks. (rElec)
You can survive without breathing.
You are immune to petrification.
You are immune to miasma.


Message History

Press: ? - help, Shift-Dir - straight line, f/p - two-headed ogre
Aim: a two-headed ogre, wielding two +0 giant clubs (heavily wounded, 11% to evade)
The blast of sand misses the two-headed ogre.
The two-headed ogre hits you with a cursed +0 giant club!
The two-headed ogre hits you with a +0 giant club!
* * * LOW HITPOINT WARNING * * *
Casting: Sandblast (safe; 1% risk of failure)
Confirm with . or Enter, or press ? or * to list all spells.
Aiming: Lee's Rapid Deconstruction (dangerous; 1% risk of failure)
Press: ? - help, Dir - move target, p - two-headed ogre A stone wall.
The wall shatters!
The blast of rock fragments hits the cyan ugly thing!
The cyan ugly thing is moderately wounded.
The blast of rock fragments hits the two-headed ogre!
The two-headed ogre is severely wounded.
The two-headed ogre hits you with a cursed +0 giant club!
* * * LOW HITPOINT WARNING * * *
The two-headed ogre hits you with a +0 giant club!!
You die...

#.#.#.#..#.#.#..###...>.#
##.#.#.....#..#..###.###.#
[..#.#...##..#........ ...
#..#.#..#..#.#...#.#. ###
#..)#.#.###..#...#.# #
#.#.#####.....#..
#.#.#.###.#...#
##.##..#.##...#
#.#....uO@...##
#.#.#.#######..#
#....#P.u.P# .#
#.$..##)#.###.# # #.###
#.'.#(+ #.#.###.#
#..#P...P# #.#.#######
......


You could see a cyan ugly thing and a two-headed ogre.

Vanquished Creatures
  Grinder (Sewer)
  Eustachio (D:5)
  Menkaure (D:7)
  A black bear (D:6)
  A sky beast (D:7)
  2 ogres
  A phantom (D:6)
  An ice beast (D:6)
  2 centaurs
  2 big kobolds (Sewer)
  A bullfrog (D:6)
  A gnoll sergeant (D:7)
  4 scorpions (D:5)
  A bullfrog zombie (D:5)
  A quasit (Sewer)
  A jelly (D:6)
  3 hounds
  2 orc wizards (D:6)
  A centaur skeleton (D:4)
  A gnoll shaman (D:7)
  2 orc priests
  2 worker ants
  A killer bee zombie (D:6)
  2 big kobold zombies (Sewer)
  A howler monkey zombie (D:5)
  4 adders
  4 shadow imps
  A white imp (D:5)
  3 ufetubi
  4 oozes
  6 worms
  4 dart slugs
  3 leopard geckos
  21 orcs
  3 ball pythons
  10 bats
  10 giant cockroaches
  3 goblins
  8 hobgoblins
  2 jackals (D:3)
  5 quokkas
  A jackal zombie (D:5)
  23 kobolds
  A quokka skeleton (D:6)
  13 rats
166 creatures vanquished.

Vanquished Creatures (others)
  A kobold zombie (Sewer)
  4 fungi (D:5)
5 creatures vanquished.

Grand Total: 171 creatures vanquished

Notes
Turn   | Place    | Note
-------+----------+-------------------------------------------
     0 | D:1      | DearestLeader the Gargoyle Earth Elementalist began the
                  | quest for the Orb.
     0 | D:1      | Reached XP level 1. HP: 10/10 MP: 3/3
   221 | D:1      | Reached skill level 4 in Earth Magic
   350 | D:1      | Reached XP level 2. HP: 15/15 MP: 3/5
   741 | D:1      | Reached skill level 5 in Earth Magic
   741 | D:1      | Reached XP level 3. HP: 13/19 MP: 6/6
  1132 | D:1      | Upgraded the game from 0.26.0-18-gc5c842f807 to
                  | 0.26.0-20-g3ca415f5b8
  1154 | D:2      | Learned a level 2 spell: Passwall
  1158 | D:2      | Learned a level 3 spell: Stone Arrow
  1631 | D:2      | Reached XP level 4. HP: 24/24 MP: 7/7
  1824 | D:2      | Reached skill level 6 in Earth Magic
  1943 | D:2      | Found a bloodstained altar of Trog.
  1946 | D:2      | Found an iron altar of Okawaru.
  1949 | D:2      | Found a shadowy altar of Dithmenos.
  2566 | D:3      | Found a blossoming altar of Fedhas.
  2942 | D:3      | Found a glowing silver altar of Zin.
  2942 | D:3      | Noticed an angel
  3618 | D:4      | Reached XP level 5. HP: 11/28 MP: 8/8
  3620 | D:4      | Reached skill level 7 in Earth Magic
  4107 | D:5      | Entered Level 5 of the Dungeon
  4120 | D:5      | Noticed Eustachio
  4165 | D:5      | Killed Eustachio
  4166 | D:5      | Reached skill level 8 in Earth Magic
  4166 | D:5      | Reached XP level 6. HP: 8/32 MP: 7/9
  4676 | D:5      | Found Xuntaj Xyczi's Gadget Shop.
  4737 | D:5      | Reached skill level 9 in Earth Magic
  4850 | D:5      | Reached XP level 7. HP: 36/36 MP: 10/10
  4933 | D:5      | Found the +7 Singing Sword {vorpal, sonic wave}
  5304 | D:5      | Noticed a moth of wrath
  5308 | D:5      | Found a bloodstained altar of Trog.
  5443 | D:5      | Reached skill level 1 in Transmutations
  5449 | D:5      | Learned a level 5 spell: Lee's Rapid Deconstruction
  5674 | D:5      | Reached skill level 10 in Earth Magic
  5914 | D:6      | Reached XP level 8. HP: 36/41 MP: 13/13
  5986 | D:6      | Found a staircase to the Ecumenical Temple.
  5998 | Temple   | Entered the Ecumenical Temple
  6010 | Temple   | Became a worshipper of Vehumet
  6065 | D:6      | Reached skill level 11 in Earth Magic
  6136 | D:6      | Got a glimmering war axe
  6204 | D:6      | Found a glowing drain.
  6223 | Sewer    | Entered a sewer
  6355 | Sewer    | Reached * piety under Vehumet
  6355 | Sewer    | Offered knowledge of Magic Dart by Vehumet.
  6507 | Sewer    | Found a burning altar of Makhleb.
  7062 | Sewer    | Noticed Grinder
  7067 | Sewer    | Paralysed by Grinder for 7 turns
  7078 | Sewer    | Paralysed by Grinder for 2 turns
  7085 | Sewer    | Killed Grinder
  7086 | Sewer    | Reached skill level 5 in Spellcasting
  7086 | Sewer    | Reached skill level 12 in Earth Magic
  7086 | Sewer    | Reached XP level 9. HP: 39/45 MP: 16/16
  7436 | D:6      | Learned a level 4 spell: Petrify
  7784 | D:7      | Reached skill level 1 in Fighting
  7788 | D:7      | Reached ** piety under Vehumet
  7788 | D:7      | Offered knowledge of Foxfire by Vehumet.
  7871 | D:7      | Noticed Menkaure
  7883 | D:7      | Killed Menkaure
  7912 | D:7      | Noticed a two-headed ogre
  7917 | D:7      | Noticed a cyan ugly thing
  7931 | D:7      | HP: 2/48 [two-headed ogre/cursed +0 giant club (7)]
  7931 | D:7      | Demolished by a two-headed ogre

Illustrated notes

Levels and vault maps discovered:
D:1:      psy_arrival_heroes, layout_basic
D:2:      layout_rooms, grunt_temple_overflow_diamond, minmay_pentomino_pile
D:3:      layout_loops_corners, zin_angel, fedhas_altar_1
D:4:      layout_basic
D:5:      old_forge, layout_basic, serial_shops, shop, tgw_trog, uniq_eustachio
D:6:      layout_loops_corners, minmay_temple_entry_statues_pillars,
          portal_sewer_entry_f, lightli_ossuary_entry_decrepit_ruins
D:7:      layout_basic, eat_drink_and_be_merry_uskayaw, minmay_shattered_shrine,
          uniq_menkaure
Temple:   cyrus_circular_temple

Skill      XL: |  1  2  3  4  5  6  7  8  9 |
---------------+----------------------------+-----
Earth Magic    | 4 5 6 8 9 10 12 | 12.7
Transmutations | 1 |  1.0
Spellcasting   | 3 5 |  5.4
Fighting       | 2 |  2.0
Dodging        | 2 |  2.3
Stealth        | |  2.1

Action                   |  1- 3 |  4- 6 |  7- 9 || total
-------------------------+-------+-------+-------++-------
Melee: Unarmed           |   112 |       |       ||   112
       Dagger            |    50 |   141 |   246 ||   437
 Cast: Sandblast         |    24 |    23 |    87 ||   134
       Lee's Rapid Decon |       |       |     1 ||     1
  Use: Scroll            |       |     6 |     7 ||    13
       Potion            |       |       |     2 ||     2
 Stab: Sleeping          |     3 |     1 |     5 ||     9
Armor: Robe              |    64 |    90 |   149 ||   303
Dodge: Dodged            |   125 |   163 |   211 ||   499
